[Event "*** MasterClass Titled Tuesday Blitz"]
[Site "Chess.com"]
[Date "2017.08.01"]
[Round "5"]
[White "El-Ajedrecista"]
[Black "Big_Fishy"]
[Result "0-1"]
[WhiteElo "1820"]
[BlackElo "2240"]
[TimeControl "180+2"]
[EndTime "14:02:36 PDT"]
[Termination "Big_Fishy won on time"]

1. d4 Nf6 2. c4 g6 3. Nc3 Bg7 4. e4 d6 5. f3 O-O 6. Be3 c5 7.
dxc5 dxc5 8. Qxd8 Rxd8 9. Bxc5 Nc6 10. Nge2 Nd7 11. Bf2 e6 12. O-O-O b6 13. Nb5 a6 14. Na3 Bb7 15. Nd4 Na5 16. b4 Bf8 17. Nac2 Nc6 18. Nxc6 Bxc6 19. Be2 Ba4 20. a3 a5 21. b5 Bxc2 22. Kxc2 Bxa3 23. Rd3 Bc5 24. Bh4 f6 25. Rhd1 Ra7 26. Bxf6 Rf8 27. Bc3 Nf6 28. Rd8 Kf7 0-1

[Event "*** MasterClass Titled Tuesday Blitz"]
[Site "Chess.com"]
[Date "2017.08.01"]
[Round "5"]
[White "stepanosinovsky"]
[Black "Blitzking4444"]
[Result "1-0"]
[WhiteElo "2290"]
[BlackElo "2155"]
[TimeControl "180+2"]
[EndTime "14:02:38 PDT"]
[Termination "stepanosinovsky won on time"]

1. e4 e6 2. d3 d5 3. Nd2 c5 4.
Ngf3 Nc6 5. g3 g6 6. h4 Bg7 7. h5 g5 8. exd5 exd5 9. Qe2+ Kf8 10. Nb3 Bg4 11. Bg2 c4 12. dxc4 dxc4 13. Qxc4 Bxf3 14. Bxf3 Ne5 15. Qb4+ Ne7 16. Bxb7 Rb8 17. Qe4 Qb6 18.
h6 Bf6 19. Bxg5 Rxb7 20. Bxf6 Qxf6 21. Qxb7 Nf3+ 22. Kf1 Ng6 23. Rd1 Qe6 24. Rd8+ 1-0

[Event "*** MasterClass Titled Tuesday Blitz"]
[Site "Chess.com"]
[Date "2017.08.01"]
[Round "5"]
[White "djano"]
[Black "jeaston1"]
[Result "0-1"]
[WhiteElo "2314"]
[BlackElo "2208"]
[TimeControl "180+2"]
[EndTime "14:02:53 PDT"]
[Termination "jeaston1 won by resignation"]

1. d4 d5 2. Bf4 Nf6 3. e3 e6 4.
Nf3 c5 5. c3 Nc6 6. Nbd2 Nh5 7.
Be5 f6 8. Bg3 Be7 9. dxc5 Bxc5 10. Nd4 Nxg3 11. hxg3 e5 12. Nxc6 bxc6 13. Qc2 h6 14.
Qg6+ Kf8 15. O-O-O Qe8 16. Qc2 Rb8 17. Nb3 Bb6 18. c4 Be6 19. Kb1 Qd7 20. Be2 a5 21.
c5 Bc7 22. Ka1 a4 23. Nd2 a3 24. b3 Bf5 25. e4 Be6 26. Bf3 d4 27. Nc4 Bxc4 28.
Qxc4 Ba5 29. g4 Ke7 30. Rh5 Qe6 31. Be2 Qxc4 32. Bxc4 Bb4 33. Rc1 Bxc5 34. Bd3 Kd6 35.
g3 Ra8 36. Rc4 Rhb8 37. f4 Bb4 38. g5 Bc3+ 39. Kb1 Rxb3+ 40. Kc2 Rb2+ 41. Kd1 hxg5 42.
Bc2 gxf4 43. gxf4 Rxa2 44. fxe5+ fxe5 45. Rg5 Ra1+ 46. Ke2 Re1+ 47. Kf2 Rf8+ 48. Kg2 Re2+ 0-1

[Event "*** MasterClass Titled Tuesday Blitz"]
[Site "Chess.com"]
[Date "2017.08.01"]
[Round "5"]
[White "olomi007"]
[Black "Rsnr"]
[Result "1-0"]
[WhiteElo "2509"]
[BlackElo "2508"]
[TimeControl "180+2"]
[EndTime "14:02:55 PDT"]
[Termination "olomi007 won by resignation"]

1. e4 c6 2. d4 d5 3. Nc3 dxe4 4. Nxe4 Bf5 5. Ng3 Bg6 6. h4 h6 7. Nf3 e6 8. h5 Bh7 9. Bd3 Bxd3 10. Qxd3 Nf6 11. Bd2 c5 12. Ne4 Nc6 13. Bc3 Nxe4 14.
Qxe4 c4 15. O-O-O Qd5 16. Rhe1 Rd8 17. Ne5 Qxe4 18. Rxe4 Nxe5 19. dxe5 Rxd1+ 20. Kxd1 b5 21. Rg4 Rg8 22. b3 cxb3 23. cxb3 g5 24. a4 Bc5 25. Bd4 Bxd4 26. Rxd4 Ke7 27. axb5 Rb8 28. Rb4 Rb6 29.
Kc2 a5 30. bxa6 Rxa6 31. Ra4 Rc6+ 32. Kd2 Rc5 33. Re4 Kd7 34. g3 Rd5+ 35. Kc2 Kc6 36. f4 g4 37. Rc4+ Kb6 38. b4 f6 39. exf6 Rxh5 40.
Rc5 Rh2+ 41. Kd3 Ra2 42. f7 Ra8 43. f5 exf5 44. Rxf5 Rf8 45. Ke4 Kc6 46. b5+ Kd6 47.
b6 Ke7 48. b7 h5 49. Kf4 Kd7 50. Kg5 Kc7 51. Kxh5 Kxb7 52. Kg6 Kc7 53. Kg7 1-0

[Event "*** MasterClass Titled Tuesday Blitz"]
[Site "Chess.com"]
[Date "2017.08.01"]
[Round "5"]
[White "Jahonas"]
[Black "Bad4life"]
[Result "1-0"]
[WhiteElo "2208"]
[BlackElo "2167"]
[TimeControl "180+2"]
[EndTime "14:02:57 PDT"]
[Termination "Jahonas won by checkmate"]

1. d4 Nf6 2. Nf3 d6 3. c4 g6 4. g3 Bg7 5. Bg2 O-O 6. O-O Nc6 7.
b3 a6 8. Bb2 Rb8 9. a4 a5 10. d5 Nb4 11. Nc3 Bf5 12. Nd4 Bd7 13. e4 c5 14. Ndb5 Qc8 15. Qe2 Bh3 16. Rae1 Nh5 17. f4 Bg4 18. Bf3 Bxf3 19. Rxf3 b6 20. e5 Re8 21. Ref1 Qg4 22. Kg2 Na2 23. h3 Nxc3 24.
Nxc3 Qd7 25. g4 dxe5 26. gxh5 b5 27. Nxb5 Rb6 28. fxe5 gxh5 29. e6 fxe6 30. Rg3 e5 31. Qxe5 Rf6 32. Rxg7+ Kxg7 33. Qg5+ Kf7 34. Rxf6+ exf6 35. Qxf6+ Kg8 36. Qh8+ Kf7 37. Qg7# 1-0

[Event "*** MasterClass Titled Tuesday Blitz"]
[Site "Chess.com"]
[Date "2017.08.01"]
[Round "5"]
[White "TryingToGetBetter94"]
[Black "H16"]
[Result "1-0"]
[WhiteElo "2335"]
[BlackElo "2301"]
[TimeControl "180+2"]
[EndTime "14:02:59 PDT"]
[Termination "TryingToGetBetter94 won on time"]

1. e4 c5 2. Nf3 d6 3. d4 cxd4 4.
Nxd4 Nf6 5. Nc3 a6 6. g3 e5 7.
Nde2 Be7 8. Bg2 O-O 9. O-O b5 10. Nd5 Nbd7 11. Nec3 Nb6 12. a4 Nfxd5 13. Nxd5 Nxa4 14.
b3 Nc5 15. Nxe7+ Qxe7 16. Be3 Bb7 17. f3 Rfd8 18. c4 bxc4 19. bxc4 a5 20. Qc2 Bc6 21. Rfb1 a4 22. Rb6 Qc7 23. Rb4 Rdb8 24. Rxb8+ Qxb8 25. Bxc5 dxc5 26. Rb1 Qd8 27. Rd1 Qc7 28. Qc3 a3 29.
Ra1 a2 30. Qb2 Qa5 31. Qxe5 Qd2 32. Bf1 h5 33. Qxc5 Qb2 34. Qxc6 Qxa1 35. Qxa8+ Kh7 36.
Qd5 Qf6 37. e5 1-0

[Event "*** MasterClass Titled Tuesday Blitz"]
[Site "Chess.com"]
[Date "2017.08.01"]
[Round "5"]
[White "Al_Shima"]
[Black "chessdude"]
[Result "0-1"]
[WhiteElo "2383"]
[BlackElo "2438"]
[TimeControl "180+2"]
[EndTime "14:03:02 PDT"]
[Termination "chessdude won by resignation"]

1. b3 d5 2. Bb2 Bg4 3. f3 Bh5 4.
e4 Bg6 5. Qe2 c6 6. Nc3 d4 7.
Nd1 e5 8. Nf2 Nf6 9. g4 c5 10.
Qb5+ Qd7 11. Qxd7+ Nfxd7 12. Bb5 a6 13. Bxd7+ Kxd7 14.
a4 Nc6 15. h4 h5 16. Ne2 Bd6 17. Ng3 b5 18. Ke2 f6 19. gxh5 Bf7 20. Nf5 Rag8 21. h6 g6 22. Nxd6 Kxd6 23. axb5 axb5 24. Ng4 f5 25.
Nf6 Rf8 26. h7 Be6 27. Nd5 Bxd5 28. exd5 Kxd5 29. h5 Rxh7 30. hxg6 Rg7 31. Rag1 Rf6 32. Rh6 Ne7 33. Rg5 Rfxg6 34. Rgxg6 Nxg6 35. d3 Nf4+ 36.
Kf1 Ng2 37. Bc1 b4 38. Kf2 f4 39. Rh8 Ne3 40. Rd8+ Ke6 41. Bxe3 dxe3+ 42. Kf1 Rg3 43.
Rc8 Rxf3+ 44. Ke1 Rh3 45. Rxc5 f3 0-1

[Event "*** MasterClass Titled Tuesday Blitz"]
[Site "Chess.com"]
[Date "2017.08.01"]
[Round "5"]
[White "Giraffe_Chess"]
[Black "toad"]
[Result "1-0"]
[WhiteElo "2223"]
[BlackElo "2112"]
[TimeControl "180+2"]
[EndTime "14:03:04 PDT"]
[Termination "Giraffe_Chess won by checkmate"]

1. e4 c5 2. Nf3 d6 3. d4 cxd4 4. Nxd4 Nf6 5. Nc3 a6 6. Bc4 e6 7. f4 Nbd7 8. f5 Nc5 9. fxe6 fxe6 10.
O-O Be7 11. b4 Ncxe4 12. Nxe4 Nxe4 13. Qf3 Nf6 14. Nxe6 Bxe6 15. Bxe6 Qb6+ 16. Be3 Qc6 17. Qg3 Qe4 18. Bf5 Qe5 19. Qf3 O-O 20. Rae1 Qb5 21. Bd4 Bd8 22. Qh3 Bb6 23. Be6+ Kh8 24. Bxb6 Qxb6+ 25. Kh1 Rae8 26. Bf5 Rxe1 27. Rxe1 Qf2 28. Rg1 Nd5 29. Qxh7# 1-0

[Event "*** MasterClass Titled Tuesday Blitz"]
[Site "Chess.com"]
[Date "2017.08.01"]
[Round "5"]
[White "Malev212"]
[Black "Cryptochess"]
[Result "0-1"]
[WhiteElo "2471"]
[BlackElo "2466"]
[TimeControl "180+2"]
[EndTime "14:03:10 PDT"]
[Termination "Cryptochess won by resignation"]

1. e4 d6 2. h4 c5 3. a3 Nc6 4.
b4 cxb4 5. axb4 Nxb4 6. d4 Nf6 7. c3 Nc6 8. Bd3 Bd7 9. Ne2 g6 10. h5 Nxh5 11. Na3 e5 12. f3 Be7 13. Be3 Bg5 14.
Qd2 Bxe3 15. Qxe3 Qf6 16. Nc4 O-O 17. Qh6 Qg7 18. Qxg7+ Nxg7 19. Nxd6 exd4 20. cxd4 b6 21. g4 Nb4 22. Bb1 Ne6 23. Kd2 Rfd8 24. Ke3 Bc6 25. Nc4 Bb5 26. Ne5 Bxe2 27. Kxe2 Nxd4+ 28. Kf2 f6 29. Nc4 Rac8 30. Ne3 a5 31. Ba2+ Kg7 32. Bd5 Ndc2 33.
Rad1 Nxe3 34. Kxe3 Rc3+ 35. Kf4 a4 36. g5 Nd3+ 37.
Rxd3 Rxd3 38. gxf6+ Kxf6 39. Rxh7 R8xd5 40. Kg4 Rg5+ 0-1

[Event "*** MasterClass Titled Tuesday Blitz"]
[Site "Chess.com"]
[Date "2017.08.01"]
[Round "5"]
[White "CookiesAndIceCream"]
[Black "Chess64Surfer"]
[Result "0-1"]
[WhiteElo "2104"]
[BlackElo "2033"]
[TimeControl "180+2"]
[EndTime "14:03:13 PDT"]
[Termination "Chess64Surfer won by resignation"]

1. e4 d6 2. d4 Nf6 3. Nc3 g6 4.
Nf3 c6 5. Be2 b5 6. Nd2 b4 7.
Na4 Qa5 8. c3 bxc3 9. bxc3 Ba6 10. Bxa6 Qxa6 11. Nb2 Bh6 12. Nbc4 O-O 13. Qe2 Nbd7 14.
Ne3 Qxe2+ 15. Kxe2 e5 16. Bb2 Rab8 17. Ba3 c5 18.
Kd3 Rfe8 19. Ndc4 exd4 20. cxd4 Nxe4 21. Rhf1 cxd4 22. Nd5 Ndc5+ 23. Kc2 Bg7 24. f3 d3+ 25. Kd1 Bxa1 26. fxe4 Rb1+ 27. Bc1 Nxe4 28. Re1 Nc3+ 29. Nxc3 Rxe1+ 30. Kxe1 Rxc1+ 31. Kd2 Rxc3 32. Nxd6 Ra3 33.
Ne4 Bg7 34. Nc5 Rxa2+ 35. Kxd3 Rxg2 36. Kc4 Rxh2 0-1

[Event "*** MasterClass Titled Tuesday Blitz"]
[Site "Chess.com"]
[Date "2017.08.01"]
[Round "5"]
[White "Caisachess"]
[Black "quesfr"]
[Result "1-0"]
[WhiteElo "2246"]
[BlackElo "2104"]
[TimeControl "180+2"]
[EndTime "14:03:15 PDT"]
[Termination "Caisachess won on time"]

1. e4 e6 2. d4 d5 3. Bd3 c5 4. exd5 exd5 5. Nf3 c4 6. Be2 Bd6 7. b3 cxb3 8. axb3 Nc6 9. O-O Nge7 10. h3 O-O 11. c4 Bb4 12. Be3 Bf5 13. Bd3 a5 14.
Na3 Be4 15. Nb5 f5 16. Bg5 Qd7 17. Ne5 Nxe5 18. dxe5 Nc6 19. Bxe4 fxe4 20. Qxd5+ Qxd5 21. cxd5 Nxe5 22. Rad1 h6 23. Be3 a4 24. bxa4 Rxa4 25. d6 Ra5 26. Nc7 Nd3 27. Ne6 Rf7 28. f3 Bxd6 29.
fxe4 Re5 30. Rxf7 Kxf7 31. Nd8+ Ke7 32. Rxd3 Bc5 33. Nxb7 Bxe3+ 34. Rxe3 Kd7 35. Rd3+ Kc7 36. Nd6 g5 37. Kf2 h5 38. Kf3 Kc6 39. Nf5 1-0

[Event "*** MasterClass Titled Tuesday Blitz"]
[Site "Chess.com"]
[Date "2017.08.01"]
[Round "5"]
[White "PelinGorki"]
[Black "evgenysharapov"]
[Result "1-0"]
[WhiteElo "2421"]
[BlackElo "2262"]
[TimeControl "180+2"]
[EndTime "14:03:16 PDT"]
[Termination "PelinGorki won by resignation"]

1. e4 c5 2. Nf3 d6 3. d4 cxd4 4. Nxd4 Nf6 5. Nc3 Nc6 6. Bg5 Qb6 7. Nb3 e6 8. Qd2 Be7 9. O-O-O O-O 10. h4 Rd8 11. h5 h6 12. Be3 Qc7 13. f3 d5 14.
exd5 Nxd5 15. Nxd5 Rxd5 16. Qf2 Rxd1+ 17. Kxd1 e5 18.
g4 Be6 19. Bd3 Nb4 20. Be4 Nxa2 21. g5 Rd8+ 22. Ke1 Bxg5 23. Bxg5 hxg5 24. Nc5 Bc4 25. Nxb7 Rd4 26. Qe3 Nb4 27. h6 Rxe4 28. Qxe4 Bd5 29. h7+ Kh8 30. Qxb4 Qb8 31. Qd6 Qc8 32. Qd8+ Qxd8 33.
Nxd8 g4 34. Nxf7+ Bxf7 35. fxg4 Bg6 36. c4 Bxh7 37. c5 Kg8 38. Rxh7 Kxh7 39. c6 1-0

[Event "*** MasterClass Titled Tuesday Blitz"]
[Site "Chess.com"]
[Date "2017.08.01"]
[Round "5"]
[White "Keaton87"]
[Black "igorkovalenko"]
[Result "0-1"]
[WhiteElo "2501"]
[BlackElo "2665"]
[TimeControl "180+2"]
[EndTime "14:03:16 PDT"]
[Termination "igorkovalenko won by resignation"]

1. e4 e6 2. d4 d5 3. Nd2 c5 4.
Ngf3 cxd4 5. exd5 Qxd5 6. Bc4 Qd8 7. O-O Nc6 8. Nb3 a6 9. Nbxd4 Nxd4 10. Nxd4 Qc7 11.
Qe2 Bd6 12. Nf5 Bxh2+ 13. Kh1 Be5 14. Re1 Bf6 15. Qg4 g6 16. Ng3 h5 17. Qe2 b5 18. Bd5 Rb8 19. Ne4 Be7 20. Bb3 Nf6 21. Ng5 Rb6 22. Be3 Rc6 23. Qf3 O-O 24. Bf4 Qb7 25.
Be5 Ng4 26. Bf4 Rc5 27. Ne4 Rf5 28. Qg3 e5 29. Bd2 Kg7 30. f3 Nf6 31. Ng5 h4 32.
Qh3 Rxg5 0-1

[Event "*** MasterClass Titled Tuesday Blitz"]
[Site "Chess.com"]
[Date "2017.08.01"]
[Round "5"]
[White "Grootneus"]
[Black "pawnwonder"]
[Result "1-0"]
[WhiteElo "2052"]
[BlackElo "1873"]
[TimeControl "180+2"]
[EndTime "14:03:16 PDT"]
[Termination "Grootneus won by resignation"]

1. e4 c5 2. c3 Nf6 3. e5 Nd5 4. Nf3 Nc6 5. Bc4 Nc7 6. d4 cxd4 7. cxd4 e6 8. O-O d6 9. Qe2 Be7 10. Nc3 O-O 11. a3 d5 12. Bd3 Na5 13. Rb1 Nb3 14.
Be3 b6 15. Qc2 Na5 16. Bxh7+ Kh8 17. Bd3 Ba6 18. Nd2 Rc8 19. f4 Nb5 20. Rf3 g6 21.
Bxg6 Nxc3 22. Rh3+ Kg7 23. Rh7+ Kg8 24. Bxf7+ 1-0

[Event "*** MasterClass Titled Tuesday Blitz"]
[Site "Chess.com"]
[Date "2017.08.01"]
[Round "5"]
[White "SipkeErnst"]
[Black "Gordima"]
[Result "0-1"]
[WhiteElo "2516"]
[BlackElo "2608"]
[TimeControl "180+2"]
[EndTime "14:03:32 PDT"]
[Termination "Gordima won by checkmate"]

1. d4 Nf6 2. c4 g6 3. Nc3 Bg7 4. e4 d6 5. Nf3 O-O 6. Be2 Na6 7. O-O e5 8. Be3 c6 9. d5 Ng4 10. Bg5 f6 11. Bd2 c5 12. Ne1 Nh6 13. Nd3 Nf7 14.
a3 b6 15. b4 f5 16. Rb1 Bh6 17. f4 fxe4 18. Nxe4 Bf5 19. Bf3 exf4 20. Bc3 Bxe4 21. Bxe4 Ng5 22. Qg4 Qc8 23. Nf2 Qxg4 24. Nxg4 Bg7 25.
Bxg7 Kxg7 26. Bc2 Rae8 27. Ba4 Re4 28. h4 Nf7 29. Rfe1 Rxe1+ 30. Rxe1 h5 31. Nf2 cxb4 32. Bb5 Nc7 33. axb4 Nxb5 34. cxb5 Ne5 35. Ne4 Re8 36. Ng5 Kf6 37. Rf1 Nd3 38. Rf3 Re3 39. Kf1 Re1# 0-1

[Event "*** MasterClass Titled Tuesday Blitz"]
[Site "Chess.com"]
[Date "2017.08.01"]
[Round "5"]
[White "wonderfultime"]
[Black "attack2mateU"]
[Result "0-1"]
[WhiteElo "2652"]
[BlackElo "2518"]
[TimeControl "180+2"]
[EndTime "14:03:34 PDT"]
[Termination "attack2mateU won by resignation"]

1. d4 Nf6 2. c4 e6 3. Nc3 Bb4 4. e3 O-O 5. Ne2 d5 6. a3 Be7 7. cxd5 exd5 8. Nf4 c6 9. Bd3 a5 10. O-O Na6 11. Bc2 Nc7 12. Bd2 Ne6 13. Nfe2 b5 14. Ng3 Re8 15. Rc1 Ba6 16. Nce2 Qb6 17.
Bd3 c5 18. dxc5 Nxc5 19. Bb1 b4 20. axb4 axb4 21. Re1 Nfe4 22. Nf4 Red8 23. Nf5 Bf6 24. Nd4 Bc4 25. b3 Bxd4 26. bxc4 Bc3 27. Bxc3 Nxc3 28. Qg4 dxc4 29. Nh5 Qh6 30. h4 Nd3 31. Bxd3 cxd3 32.
Ng3 d2 33. Nf5 Qf6 34. Rf1 dxc1=Q 35. Rxc1 b3 0-1

[Event "*** MasterClass Titled Tuesday Blitz"]
[Site "Chess.com"]
[Date "2017.08.01"]
[Round "5"]
[White "AndrewMcStone"]
[Black "Quiet_Desperation"]
[Result "0-1"]
[WhiteElo "2064"]
[BlackElo "2104"]
[TimeControl "180+2"]
[EndTime "14:03:34 PDT"]
[Termination "Quiet_Desperation won on time"]

1. d4 Nf6 2. c4 e6 3. Nc3 Bb4 4. f3 d5 5. a3 Be7 6. e4 dxe4 7. fxe4 e5 8. d5 Bc5 9. Nf3 Qe7 10. Bg5 a5 11.
Qd2 Nbd7 12. Bd3 O-O 13. O-O-O h6 14. Bh4 Re8 15. Rdf1 Qf8 16. h3 Nh5 17. Ne2 Nb6 18. g4 Nf4 19. Nxf4 exf4 20. Qxf4 Bxa3 21. Rh2 Bc5 22. e5 a4 23. Qe4 g6 24. Qf4 a3 25.
Bf6 a2 26. Kc2 a1=Q 27. Rxa1 Rxa1 28. h4 Be7 29. h5 Bxf6 30. exf6 Qb4 31. hxg6 Qa4+ 32.
Kc3 Nxd5+ 33. cxd5 Qxf4 34. gxf7+ Kxf7 0-1

[Event "*** MasterClass Titled Tuesday Blitz"]
[Site "Chess.com"]
[Date "2017.08.01"]
[Round "5"]
[White "LastHeroJr"]
[Black "HaryKane"]
[Result "1-0"]
[WhiteElo "2407"]
[BlackElo "2281"]
[TimeControl "180+2"]
[EndTime "14:03:36 PDT"]
[Termination "LastHeroJr won by resignation"]

1. e4 e6 2. d4 d5 3. Nd2 Nf6 4. e5 Nfd7 5. Bd3 c5 6. c3 Nc6 7.
Ne2 Qb6 8. O-O cxd4 9. cxd4 Nxd4 10. Nxd4 Qxd4 11. Nf3 Qb6 12. Bf4 Nc5 13. Bc2 Bd7 14. Ng5 Be7 15. Qh5 g6 16. Qh6 Qxb2 17. Qg7 Rf8 18. Rac1 Bb5 19. Rfe1 O-O-O 20. Nxf7 Rd7 21. Qxh7 Kb8 22. Bxg6 Qb4 23. Bh6 Rc8 24. Rb1 Qa5 25. h4 Bd8 26. Bg5 Bb6 27. Qh6 Ne4 28. Bxe4 dxe4 29.
Nd6 Qxa2 30. Be3 Bd3 31. Nxc8 Bxb1 32. Nxb6 axb6 33. Qf8+ Ka7 34. Qb4 Bd3 35. Bxb6+ Ka6 36. Bd4 Bb5 37. Ra1 1-0

[Event "*** MasterClass Titled Tuesday Blitz"]
[Site "Chess.com"]
[Date "2017.08.01"]
[Round "5"]
[White "MartinMatthiesen"]
[Black "Lord_Neezy"]
[Result "1-0"]
[WhiteElo "2218"]
[BlackElo "2159"]
[TimeControl "180+2"]
[EndTime "14:03:44 PDT"]
[Termination "MartinMatthiesen won by resignation"]

1. d4 e6 2. Nf3 c5 3. c3 Nf6 4. Bf4 d5 5. e3 Bd6 6. Ne5 b6 7. Bb5+ Kf8 8. O-O Ba6 9. Nd7+ Ke7 10. Bxd6+ Kxd6 11. Ne5 Qc7 12. Na3 Ke7 13. c4 Rd8 14. Rc1 Kf8 15. Qa4 Bxb5 16. Nxb5 Qe7 17. Rfd1 a6 18. dxc5 bxc5 19. Qa3 Nfd7 20. Nf3 Nb6 21. Qa5 axb5 22. Qxb6 bxc4 23. a3 Nd7 24. Qc7 Rdc8 25.
Qf4 Kg8 26. h4 Rcb8 27. Rc2 h6 28. g4 Nf8 29. g5 Ng6 30. Qg3 h5 31. Rcd2 Rb3 32.
Ne5 Nxe5 33. Qxe5 g6 34. Rxd5 Rxb2 35. Rd7 Qe8 36. Qxb2 Rb8 37. Qf6 c3 38. Rd8 c2 39.
Rxe8+ Rxe8 40. Rc1 Rb8 41. Rxc2 1-0

[Event "*** MasterClass Titled Tuesday Blitz"]
[Site "Chess.com"]
[Date "2017.08.01"]
[Round "5"]
[White "Cocovitsch007"]
[Black "Astaneh"]
[Result "0-1"]
[WhiteElo "2221"]
[BlackElo "2406"]
[TimeControl "180+2"]
[EndTime "14:03:47 PDT"]
[Termination "Astaneh won on time"]

1. d4 Nf6 2. c4 g6 3. Nc3 Bg7 4. e4 d6 5. f3 O-O 6. Bg5 c5 7. d5 h6 8. Be3 e6 9. Qd2 exd5 10.
cxd5 Re8 11. Nge2 a6 12. a4 h5 13. Bg5 Nbd7 14. Ng3 Qa5 15. Be2 Nh7 16. Be3 h4 17. Nf1 b5 18. Qc2 f5 19. Nd2 h3 20. O-O hxg2 21.
Kxg2 b4 22. Nd1 Ne5 23. f4 Ng4 24. Bxg4 fxg4 25. e5 Bf5 26. Qb3 Qd8 27. e6 Qh4 28. Nf2 Nf6 29. Rae1 Nh5 30. Nfe4 Qh3+ 31. Kg1 g3 32. hxg3 Nxg3 33. Nxg3 Qxg3+ 34. Kh1 Bc3 35. bxc3 Kg7 36. Rf2 Rh8+ 0-1

[Event "*** MasterClass Titled Tuesday Blitz"]
[Site "Chess.com"]
[Date "2017.08.01"]
[Round "5"]
[White "GM_dmitrij"]
[Black "belisarius64"]
[Result "1-0"]
[WhiteElo "2474"]
[BlackElo "2334"]
[TimeControl "180+2"]
[EndTime "14:03:48 PDT"]
[Termination "GM_dmitrij won by resignation"]

1. e4 e5 2. Nf3 Nc6 3. Bb5 a6 4. Ba4 Nf6 5. O-O Be7 6. d3 b5 7.
Bb3 O-O 8. Nc3 d6 9. a3 Be6 10. Nd5 Nd4 11. Nxd4 exd4 12. Nxf6+ Bxf6 13. Bxe6 fxe6 14. a4 c5 15. b3 e5 16. Bd2 Bg5 17. axb5 Bxd2 18. Qxd2 axb5 19. g3 Qd7 20. Kg2 Qb7 21. Qe2 Qc6 22. Qg4 Kh8 23. Qe6 Rae8 24. Qd5 Qxd5 25.
exd5 Ra8 26. f4 Rxa1 27. Rxa1 exf4 28. gxf4 h6 29. Ra6 Rf6 30. Kg3 Kh7 31. b4 Rg6+ 32. Kf3 cxb4 33. Rb6 Rg1 34. Rxb5 Rc1 35. Rxb4 Rxc2 36.
Rb6 Rxh2 37. Rxd6 Rd2 38. Ke4 h5 39. Ra6 h4 40. d6 Re2+ 41. Kd5 Re8 42. d7 Rh8 43.
Re6 Rd8 44. Kd6 h3 45. Kc7 h2 46. Re1 Rh8 47. Rh1 Kg6 48. d8=Q Rxd8 49. Kxd8 Kf5 50. Rxh2 Kxf4 51. Re2 g5 52. Re4+ Kf3 53. Rxd4 g4 54.
Rd6 g3 55. Rf6+ Ke3 56. Rg6 Kxd3 57. Rxg3+ Ke4 58. Ke7 1-0

[Event "*** MasterClass Titled Tuesday Blitz"]
[Site "Chess.com"]
[Date "2017.08.01"]
[Round "5"]
[White "Me_ch_an"]
[Black "Usurpov"]
[Result "0-1"]
[WhiteElo "2385"]
[BlackElo "2290"]
[TimeControl "180+2"]
[EndTime "14:03:50 PDT"]
[Termination "Usurpov won by checkmate"]

1. e4 c5 2. Nf3 e6 3. c4 Nc6 4. d4 cxd4 5. Nxd4 Nf6 6. Nc3 d6 7. Be3 Be7 8. Be2 O-O 9. O-O a6 10. f4 Nxd4 11. Bxd4 Qc7 12. Rc1 b6 13. b3 Bb7 14.
Bf3 e5 15. Be3 Rac8 16. Qd2 exf4 17. Bxf4 Nd7 18. Rfd1 Ne5 19. Be2 Qb8 20. Qd4 Ba8 21.
Na4 b5 22. Nb6 Rc7 23. cxb5 Rxc1 24. Rxc1 axb5 25. Bxb5 Bf6 26. Bxe5 dxe5 27. Qc5 Be7 28. Qc7 Bxe4 29. Nd7 Qxb5 30. Nxf8 Bxf8 31. Qc4 Qb6+ 32. Kh1 Qg6 33. Rg1 h5 34. h3 h4 35. Qe2 f5 36.
Re1 Qg3 37. Qe3 Qxg2# 0-1

[Event "*** MasterClass Titled Tuesday Blitz"]
[Site "Chess.com"]
[Date "2017.08.01"]
[Round "5"]
[White "Jadro9"]
[Black "nihalsarin"]
[Result "0-1"]
[WhiteElo "2360"]
[BlackElo "2615"]
[TimeControl "180+2"]
[EndTime "14:03:53 PDT"]
[Termination "nihalsarin won by resignation"]

1. e4 e5 2. Nf3 Nc6 3. Bc4 Bc5 4. O-O Nf6 5. d3 d6 6. c3 a6 7. d4 Ba7 8. dxe5 Nxe5 9. Nxe5 dxe5 10. Qxd8+ Kxd8 11.
Bxf7 Rf8 12. Bc4 Nxe4 13. Be3 Bxe3 14. fxe3 Rxf1+ 15. Bxf1 Ke7 16. Bd3 Bf5 17. Nd2 Nd6 18. Bxf5 Nxf5 19. Kf2 Rd8 20. Ke2 Nd6 21. Rf1 a5 22.
Nf3 Nf7 23. e4 Rd6 24. Ke3 Rb6 25. Rf2 Ke6 26. Rd2 a4 27. h3 h6 28. g4 Nd6 29. Rd5 Rxb2 30. Rxe5+ Kd7 31. Rd5 Ke7 32. Nd4 Rxa2 33. e5 Nc4+ 34. Ke4 g6 35. h4 c6 36. Rc5 Nd2+ 37. Kd3 Nb3 38. Nxb3 axb3 39. Rc4 Ra5 40. Rb4 Rb5 41. Rxb5 cxb5 42. Kd2 Ke6 43. Kc1 Kxe5 44. Kb2 Kf4 0-1

[Event "*** MasterClass Titled Tuesday Blitz"]
[Site "Chess.com"]
[Date "2017.08.01"]
[Round "5"]
[White "axlbvRR"]
[Black "peteseeger"]
[Result "0-1"]
[WhiteElo "1971"]
[BlackElo "2103"]
[TimeControl "180+2"]
[EndTime "14:03:53 PDT"]
[Termination "peteseeger won by checkmate"]

1. d4 g6 2. Nf3 Bg7 3. Bf4 d6 4. e3 Nd7 5. Be2 e5 6. Bg3 Qe7 7. O-O f5 8. c4 Ngf6 9. h3 O-O 10. Nc3 c6 11. b4 Ne4 12. Qc1 Nxc3 13. Qxc3 f4 14.
Bh2 e4 15. Nd2 f3 16. gxf3 Nf6 17. c5 Nd5 18. Qb3 Bxh3 19. fxe4 Qg5+ 20. Bg3 Bxf1 21. Bxf1 h5 22. Bg2 h4 23. exd5 hxg3 24. dxc6+ Kh7 25. cxb7 gxf2+ 26. Kf1 Rae8 27. c6 Rxe3 28. Qd5 Re1+ 29. Rxe1 fxe1=Q+ 30. Kxe1 Qe3+ 31. Kd1 Rf2 32. Ne4 Qe2+ 33.
Kc1 Qc2# 0-1

[Event "*** MasterClass Titled Tuesday Blitz"]
[Site "Chess.com"]
[Date "2017.08.01"]
[Round "5"]
[White "Jungle_Jaguar"]
[Black "AndrewDGreen"]
[Result "1-0"]
[WhiteElo "2323"]
[BlackElo "2164"]
[TimeControl "180+2"]
[EndTime "14:03:57 PDT"]
[Termination "Jungle_Jaguar won on time"]

1. c4 g6 2. g3 Bg7 3. Bg2 c5 4. Nc3 Nc6 5. Nf3 d6 6. O-O Bf5 7. e4 Bg4 8. h3 Bxf3 9. Bxf3 e6 10. d3 Nge7 11. Be3 Nd4 12. Bg2 O-O 13. f4 Rb8 14. Rb1 b5 15. cxb5 Nxb5 16. Nxb5 Rxb5 17. b3 Qb6 18.
Kh2 Nc6 19. f5 Be5 20. Bh6 Re8 21. f6 Nd4 22. Qg4 Ra5 23. Rf2 Qa6 24. Qh4 Qxd3 25. Re1 Nc2 26. Ree2 Rxa2 27. Rd2 Qxb3 28. Bf4 Bc3 29. Rd3 Kh8 30. Bd2 Nd4 31. Rxc3 Qd1 32. Qh6 Rg8 33. Rc1 Qb3 34. Rf4 g5 35. Rg4 1-0

[Event "*** MasterClass Titled Tuesday Blitz"]
[Site "Chess.com"]
[Date "2017.08.01"]
[Round "5"]
[White "DrVelja"]
[Black "hassler2"]
[Result "0-1"]
[WhiteElo "2495"]
[BlackElo "2327"]
[TimeControl "180+2"]
[EndTime "14:03:59 PDT"]
[Termination "hassler2 won by resignation"]

1. e4 c5 2. Nf3 Nc6 3. d4 cxd4 4. Nxd4 g6 5. Nc3 Bg7 6. Be3 Nf6 7. f3 O-O 8. Nb3 d6 9. Be2 Bd7 10. Qd2 Rc8 11.
O-O-O a6 12. h4 b5 13. h5 Nb4 14. Kb1 a5 15. hxg6 fxg6 16. a3 Nxc2 17. Bh6 Be6 18. Bxg7 Kxg7 19. Qh6+ Kg8 20. e5 Bxb3 21. exf6 Rf7 22.
Bd3 Nxa3+ 23. bxa3 Rxc3 24. Bxg6 Bc2+ 25. Bxc2 Rxc2 26.
Kxc2 b4 27. fxe7 Qc8+ 28. Kb1 Qf5+ 29. Kc1 Qc5+ 30. Kd2 Rxe7 31. axb4 axb4 32. Qf6 Qe3+ 33. Kc2 Rc7+ 34. Kb2 Qe2+ 35. Kb3 Qc4+ 36. Kb2 Qc2+ 0-1

[Event "*** MasterClass Titled Tuesday Blitz"]
[Site "Chess.com"]
[Date "2017.08.01"]
[Round "5"]
[White "politeplayer"]
[Black "ZoltanChef"]
[Result "1-0"]
[WhiteElo "2209"]
[BlackElo "2092"]
[TimeControl "180+2"]
[EndTime "14:04:02 PDT"]
[Termination "politeplayer won on time"]

1. e4 c5 2. d4 cxd4 3. c3 dxc3 4. Nxc3 a6 5. Bc4 e6 6. Nf3 Ne7 7. Bg5 f6 8. Be3 b5 9. Bb3 Nbc6 10. O-O Ng6 11. Nd5 exd5 12. exd5 Na5 13. Re1 Be7 14. d6 Nxb3 15. dxe7 Nxe7 16. Qxb3 d6 17. Nd4 Bd7 18. Bf4 Qb6 19. Qe3 O-O 20. Qb3+ Kh8 21. Rxe7 Qxd4 22. Be3 Qg4 23. h3 Qf5 24. g4 Qf3 25. Rxd7 Qxh3 26. Qd5 Qxg4+ 27. Qg2 Qxd7 28. Rd1 Rad8 29. Bf4 Qe6 30. Rd3 Qxa2 31. Rg3 1-0